Map: [TLMC22] Exarch

Players

Botania - Winner!

  • Race: Terran Terran

VOD

Have the link to the VOD?

Description

Time

  • Played on: Sept. 17, 2026, 12:56 p.m.
  • Length: 27:57
Show
View Real Time Build Order
Export as new Build Order

Botania Terran - Winner!

Build Orders:  

Get SALT Encoding   

  8  0:06  SCV  
  9  0:23  SCV  
  10  0:40  SCV  
  11  0:50  Supply Depot  
  11  1:01  SCV  
  12  1:25  Barracks  
  12  1:27  SCV  
  13  1:48  SCV  
  14  2:05  SCV  
  15  2:22  SCV  
  15  2:29  Refinery  
  16  2:38  Supply Depot  
  16  2:39  Orbital Command  
  16  2:55  Marine  
  17  3:20  Marine  
  17  3:29  Command Center  
  18  3:33  SCV  
  19  3:45  Marine  
  19  3:49  SCV  
  21  4:06  SCV  
  21  4:08  Refinery  
  22  4:20  Barracks  
  22  4:30  Barracks Tech Lab, SCV  
  23  4:47  SCV  
  24  5:04  SCV, Marine  
  26  5:12  Orbital Command  
  26  5:17  Bunker  
  26  5:27  Barracks Reactor  
  26  5:29  Marine  
  27  5:37  SCV  
  28  5:53  SCV  
  28  5:56  Marine, Supply Depot  
  39  6:20  SCV, Refinery  
  30  6:21  Marine  
  30  6:27  Supply Depot  
  32  6:36  SCV  
  33  6:43  Marine x2  
  33  6:46  Marauder  
  37  6:53  SCV  
  37  6:55  Refinery  
  38  7:06  SCV  
  38  7:08  Marine x2  
  41  7:10  SCV  
  41  7:14  Bunker  
  41  7:16  Marauder  
  44  7:23  SCV  
  44  7:27  SCV  
  46  7:35  Factory  
  46  7:40  SCV  
  46  7:44  SCV  
  46  7:48  Marine  
  46  7:49  Marine, Marauder  
  52  7:57  SCV  
  52  7:59  Engineering Bay  
  53  8:01  SCV  
  54  8:13  Marine  
  54  8:14  SCV, Marine  
  54  8:18  SCV  
  58  8:32  Supply Depot  
  58  8:33  Supply Depot  
  58  8:36  Factory Tech Lab  
  58  8:45  Bunker  
  58  9:00  Missile Turret  
  58  9:02  Marauder, SCV x2  
  58  9:04  Terran Infantry Weapons Level 1  
  58  9:05  Supply Depot  
  58  9:09  Supply Depot  
  62  9:11  Unknown  
  62  9:19  SCV x2  
  64  9:23  Siege Tank  
  67  9:31  Factory  
  67  9:32  Marauder  
  67  9:36  SCV x2  
  71  9:45  Missile Turret  
  71  9:53  SCV  
  71  10:08  Siege Tank  
  74  10:34  Marine x2, Marauder  
  74  10:36  Command Center  
  78  10:42  Factory Tech Lab  
  78  10:53  Siege Tank  
  78  10:59  Marine x2  
  83  11:01  Missile Turret  
  83  11:04  Marauder  
  83  11:08  Supply Depot  
  85  11:34  Marauder  
  87  11:40  Supply Depot  
  87  11:49  Bunker  
  87  11:56  Refinery  
  87  12:01  Refinery  
  87  12:03  Supply Depot  
  87  12:07  Engineering Bay  
  87  12:11  Armory  
  87  12:15  SCV  
  88  12:28  Siege Tank  
  91  12:32  SCV  
  91  12:33  Bunker  
  92  12:40  Orbital Command  
  92  12:53  Sensor Tower  
  92  13:00  Supply Depot  
  92  13:01  Terran Infantry Armor Level 1  
  92  13:12  Starport  
  92  13:13  Siege Tank  
  95  13:24  Hi-Sec Auto Tracking  
  95  13:26  Missile Turret  
  95  13:31  Supply Depot  
  95  13:44  Bunker  
  95  13:47  SCV  
  96  13:58  Siege Tank  
  99  14:04  SCV  
  99  14:05  Starport  
  100  14:19  Missile Turret  
  100  14:21  SCV  
  100  14:26  Bunker  
  101  14:36  Marine x2, Marauder  
  101  14:38  SCV, Hellbat  
  108  14:43  Hellbat  
  110  14:55  SCV  
  110  14:57  Supply Depot, Terran Vehicle Weapons Level 1  
  110  14:59  Terran Infantry Weapons Level 2  
  111  15:00  Marine  
  111  15:01  Marine  
  111  15:03  Starport Tech Lab, Starport Reactor  
  111  15:06  Marauder  
  111  15:07  Missile Turret  
  111  15:08  Hellbat  
  117  15:13  Hellbat  
  117  15:16  Factory  
  117  15:18  Siege Tank  
  120  15:25  Marine  
  120  15:28  Siege Tank  
  120  15:29  Supply Depot  
  119  15:36  Marauder, Unknown  
  121  15:40  Unknown  
  121  15:42  SCV  
  121  15:58  SCV  
  122  16:05  Marauder  
  124  16:21  Factory Reactor, Siege Tank  
  124  16:29  Marine x2  
  126  16:32  Hellbat  
  126  16:33  Hellbat  
  126  16:35  Marauder  
  132  16:54  Marine x2  
  134  17:00  Supply Depot  
  134  17:01  Structure Armor  
  134  17:02  Bunker, Hellbat  
  134  17:03  Thor  
  134  17:05  Marauder  
  134  17:07  Unknown  
  144  17:20  Missile Turret  
  144  17:24  Unknown  
  144  17:32  Thor  
  144  17:35  Marauder  
  144  17:38  Unknown  
  150  17:40  Unknown  
  150  17:42  Unknown, Siege Tank  
  145  17:55  Supply Depot  
  145  17:57  Medivac x3  
  151  18:03  Siege Tank  
  151  18:05  Marauder  
  151  18:06  Unknown  
  154  18:27  Supply Depot  
  154  18:32  Siege Tank  
  154  18:35  Marauder  
  154  18:39  Medivac x2  
  163  18:47  Siege Tank  
  166  18:59  SCV  
  167  19:05  Marauder  
  169  19:16  SCV  
  170  19:23  SCV  
  171  19:33  SCV  
  171  19:34  Siege Tank x2  
  171  19:35  Marauder  
  171  19:36  Command Center  
  171  19:38  Marine x2  
  182  19:40  SCV  
  183  20:02  Supply Depot  
  183  20:09  Supply Depot  
  183  20:15  SCV, Marine  
  183  20:18  SCV, Marine  
  183  20:29  Unknown  
  183  20:31  Unknown  
  183  20:33  SCV, Marauder, Siege Tank, Unknown  
  183  20:34  Refinery, Supply Depot  
  189  20:40  Marine  
  189  20:41  Supply Depot  
  189  20:43  Marine  
  191  20:56  Siege Tank  
  191  20:57  Siege Tank  
  191  21:02  Marauder  
  191  21:05  Marine  
  191  21:07  Supply Depot  
  194  21:18  Unknown  
  186  21:22  Marine  
  187  21:30  Marine  
  187  21:32  Marauder  
  189  21:47  Marine  
  190  21:52  Siege Tank  
  190  21:53  Siege Tank  
  190  21:55  Marine  
  191  22:02  Marauder  
  190  22:12  Marine  
  191  22:20  Marine  
  191  22:21  Missile Turret  
  191  22:26  Hellbat x2  
  191  22:27  Hellbat x2  
  196  23:15  Missile Turret  
  194  23:43  Siege Tank  
  194  23:46  Siege Tank  
  194  23:49  Siege Tank  
  190  24:03  Siege Tank  
  190  24:24  Siege Tank  
  190  24:42  Marine, Marauder  
  190  24:43  Marine  
  190  24:45  Hellion x3  
  194  25:58  Medivac x3  
  198  27:26  Sensor Tower  
  198  27:40  Sensor Tower  
Tags
 
Add a new tag
Caveats
  • Supply blocks, unpowered buildings, or Contaminate may cause inaccurate times.
  • Supply counts are checked every 10 seconds.